 Dungeon Crawl Stone Soup version 0.17-a0-461-g772d41b (webtiles) character file.

3246 Karaelmas the Skirmisher (level 9, -2/105 HPs)
             Began as a Demonspawn Berserker on Apr 5, 2015.
             Was an Elder of Trog.
             Slain by a death yak (11 damage)
             ... on level 8 of the Dungeon.
             The game lasted 01:06:24 (5803 turns).

Karaelmas the Skirmisher (Demonspawn Berserker)     Turns: 5803, Time: 01:06:25

Health: -2/105     AC:  9    Str: 25    XL:     9   Next: 67%
Magic:  0/9        EV:  7    Int: 10    God:    Trog [****..]
Gold:   195        SH: 15    Dex: 14    Spells: 0 memorised, 8 levels left

rFire  + + .     SeeInvis .     a - +7 club
rCold  . . .     Clarity  .     u - +0 chain mail
rNeg   . . .     SustAb   .     n - +0 large shield
rPois  .         Gourm    +     (helmet restricted)
rElec  .         Spirit   +     (no cloak)
rCorr  .         Warding  .     (no gloves)
rMut   .         Stasis   .     (boots unavailable)
MR     .....                    l - amulet of the gourmand
Stlth  ..........               (no ring)
                                m - ring of stealth

@: mighty, berserking (expiring), very quick, not resistant to hostile
enchantments, extremely unstealthy
A: claws 2, horns 1, talons 3, clever 1, fire resistance 2, magic shield
a: Burn Spellbooks, Berserk, Trog's Hand, Brothers in Arms, Renounce Religion


You were on level 8 of the Dungeon.
You worshipped Trog.
Trog was greatly pleased with you.
You were full.

You visited 1 branch of the dungeon, and saw 6 of its levels.

You collected 195 gold pieces.

Inventory:

Hand weapons
 a - a +7 club (weapon)
 b - a +0 blowgun
 f - a +2 dagger of draining
 h - a +0 hand axe
 i - a +0 club
 y - a +0 shortbow of flaming
Missiles
 q - 14 poisoned needles
 z - 15 arrows
Armour
 e - a +1 scale mail
 n - a +0 large shield (worn)
 u - a +0 chain mail (worn)
 A - a +0 shield
Jewellery
 l - an amulet of the gourmand (around neck)
 m - a ring of stealth (left claw)
Magical devices
 d - a wand of random effects (0)
 g - a wand of digging (17)
 p - a wand of heal wounds (6)
 x - a wand of confusion (41)
Scrolls
 j - 2 scrolls of immolation
 s - a scroll of remove curse
 t - 3 scrolls of identify
Potions
 k - 3 potions of agility
 o - a potion of restore abilities
 w - 2 potions of curing
Books
 B - a book of Annihilations {highlevel, unknown}

   This book is beyond your current level of understanding.

   Spells                             Type                      Level
   a - Poison Arrow                   Conjuration/Poison           6
   b - Chain Lightning                Conjuration/Air              8
   c - Lehudib's Crystal Spear        Conjuration/Earth            8
   d - Glaciate                       Conjuration/Ice              9
   e - Fire Storm                     Conjuration/Fire             9
   Trog disapproves of the use of such an item.
Comestibles
 c - 5 bread rations
 r - a meat ration
 v - 2 beef jerkies


   Skills:
 * Level 6.3 Fighting
 + Level 3.6(5.0) Axes
 * Level 5.3(5.8) Maces & Flails
 + Level 0.6 Throwing
 + Level 5.2 Armour
 + Level 5.3 Dodging
 + Level 1.1 Stealth
 + Level 4.5 Shields
 * Level 3.8 Unarmed Combat
 + Level 0.8 Evocations


You had 8 spell levels left.
You didn't know any spells.

Dungeon Overview and Level Annotations

Branches:
Dungeon (8/15)               Lair (0/8) D:8
 Temple: D:4-7

Altars:
Cheibriados
Gozag
Okawaru
Zin
The Shining One


Innate Abilities, Weirdness & Mutations

You have very sharp fingernails.
You have a pair of small horns on your head.
You have claws for feet.
Your flesh is very heat resistant.
When hurt, damage is shared between your health and your magic reserves.
Your mind is acute. (Int +2)


Message History

Something gores you.
You barely miss something. You claw something. Your headbutt misses something.
Something gores you but does no damage.
Your chain mail prevents you from hitting something.
You claw something. You closely miss something. You claw something.
Something gores you!
You hit something. You claw something. Something gores you.
The ogre hits you with a giant club!!
* * * LOW HITPOINT WARNING * * *
You barely miss something. You claw something. Your headbutt misses something.
Something gores you!
* * * LOW HITPOINT WARNING * * *
You sock the ogre! You claw the ogre!
The ogre is severely wounded.
You block the ogre's attack.
You sock the ogre!
You kill the ogre!
Trog accepts your kill. Something gores you!
You die...

........## ###...##
#...#.. .##.....# #...#
#...#.. ####....# #...#
##..#.. ##...# #...#
#...... #...# #...##
##...... ##...# ##....#
####....###
#...####.....#####......##
#..........{.$..........##
#..........@.............#
...........).............#
......................<..#
.........>...............#
. .....................#
...................)##
....................# #
...................# #
................##


There were no monsters in sight!

Vanquished Creatures
  A komodo dragon (D:8)
  4 slime creatures (D:7)
  A two-headed ogre (D:8)
  A hippogriff (D:8)
  2 ice beasts (D:7)
  A sky beast (D:7)
  A wasp (D:7)
  2 ogres
  2 centaurs (D:8)
  3 crocodiles (D:8)
  3 giant frogs
  A wyvern skeleton (D:8)
  A jelly (D:8)
  2 goliath beetles
  4 orc priests (D:7)
  Ijyb (D:2)
  A centaur skeleton (D:6)
  3 hounds
  An orc wizard (D:7)
  2 giant frog skeletons
  4 iguanas
  Jessica (D:3)
  3 worker ants
  3 adders
  A shadow imp (D:7)
  4 worms
  3 orc zombies (D:7)
  A giant gecko (D:6)
  11 orcs (D:7)
  A ball python (D:1)
  6 giant cockroaches
  12 goblins
  7 hobgoblins
  6 jackals
  An ooze (D:1)
  5 quokkas
  9 bats
  5 giant newts
  A jackal zombie (D:8)
  6 kobolds
  9 rats
136 creatures vanquished.

Notes
Turn   | Place    | Note
--------------------------------------------------------------
     0 | D:1      | Karaelmas, the Demonspawn Berserker, began the quest for the Orb.
     0 | D:1      | Reached XP level 1. HP: 18/18 MP: 1/1
   330 | D:1      | Gained mutation: You have sharp toenails. [demonic ancestry]
   330 | D:1      | Reached XP level 2. HP: 21/24 MP: 2/2
   609 | D:1      | Acquired Trog's second power
   728 | D:2      | Gained mutation: You have razor-sharp toenails. [demonic ancestry]
   728 | D:2      | Reached XP level 3. HP: 14/29 MP: 3/3
  1036 | D:2      | Noticed Ijyb
  1046 | D:2      | Killed Ijyb
  1266 | D:2      | Gained mutation: When hurt, damage is shared between your health and your magic reserves. [demonic ancestry]
  1266 | D:2      | Reached XP level 4. HP: 36/36 MP: 4/4
  1847 | D:3      | Noticed Jessica
  1851 | D:3      | Killed Jessica
  2043 | D:3      | Gained mutation: You have sharp fingernails. [demonic ancestry]
  2043 | D:3      | Reached XP level 5. HP: 42/42 MP: 5/5
  2152 | D:3      | You fall through a shaft for 3 floors!
  2152 | D:6      | Found an iron altar of Okawaru.
  2225 | D:6      | Found an opulent altar of Gozag.
  2318 | D:6      | Reached skill level 4 in Fighting
  2542 | D:6      | Reached skill level 1 in Maces & Flails
  2695 | D:6      | Gained mutation: You have a pair of small horns on your head. [demonic ancestry]
  2695 | D:6      | Reached XP level 6. HP: 40/48 MP: 3/6
  2894 | D:6      | Found a snail-covered altar of Cheibriados.
  3035 | D:7      | Reached skill level 1 in Shields
  3091 | D:7      | Gained mutation: Your flesh is heat resistant. [demonic ancestry]
  3091 | D:7      | Reached XP level 7. HP: 55/55 MP: 5/7
  3150 | D:7      | Found a sand-covered staircase.
  3447 | D:7      | Gained mutation: Your mind is acute. (Int +2) [mutagenic meat]
  3448 | D:7      | Gained mutation: Your flesh is very heat resistant. [mutagenic meat]
  3596 | D:7      | Noticed a slime creature
  3597 | D:7      | Noticed a slime creature
  3619 | D:7      | Killed a slime creature
  3619 | D:7      | Reached skill level 1 in Unarmed Combat
  3665 | D:7      | Noticed a slime creature
  3681 | D:7      | Killed a slime creature
  3681 | D:7      | Gained mutation: You have very sharp fingernails. [demonic ancestry]
  3681 | D:7      | Reached XP level 8. HP: 54/61 MP: 5/8
  3794 | D:7      | Noticed a slime creature
  3801 | D:7      | Killed a slime creature
  3801 | D:7      | Reached skill level 5 in Fighting
  3801 | D:7      | Reached skill level 1 in Stealth
  4017 | D:7      | Noticed a slime creature
  4018 | D:7      | Noticed a slime creature
  4035 | D:7      | Killed a slime creature
  4284 | D:7      | Acquired Trog's third power
  4785 | D:8      | Found a glowing golden altar of the Shining One.
  4954 | D:8      | Reached skill level 5 in Dodging
  4954 | D:8      | Gained mutation: You have claws for feet. [demonic ancestry]
  4954 | D:8      | Reached XP level 9. HP: 68/68 MP: 9/9
  4988 | D:8      | Noticed a two-headed ogre
  5059 | D:8      | Killed a two-headed ogre
  5064 | D:8      | Noticed a komodo dragon
  5093 | D:8      | Killed a komodo dragon
  5093 | D:8      | Reached skill level 6 in Fighting
  5093 | D:8      | Reached skill level 5 in Armour
  5531 | D:8      | Found a glowing silver altar of Zin.
  5636 | D:8      | Reached skill level 5 in Maces & Flails
  5785 | D:8      | Noticed a death yak
  5790 | D:8      | Found a staircase to the Lair.
  5803 | D:8      | Slain by a death yak

Action                   |  1- 3 |  4- 6 |  7- 9 || total
-------------------------+-------+-------+-------++-------
Melee: Hand axe          |    86 |       |       ||    86
       Club              |     3 |   131 |   198 ||   332
 Fire: Blowgun           |       |       |     9 ||     9
Invok: Berserk           |     2 |     4 |    10 ||    16
Evoke: Wand              |       |     4 |     4 ||     8
  Use: Scroll            |     6 |     4 |     3 ||    13
       Potion            |       |     4 |     2 ||     6
  Eat: Fruit             |     2 |     1 |       ||     3
       Chunk             |     1 |     4 |    20 ||    25
       Meat ration       |       |     1 |     1 ||     2
       Pizza             |       |       |     1 ||     1
